 Dungeon Crawl Stone Soup version 0.25.0-11-g1f837a76a1 (webtiles) character file.

Game seed: 628859722333321920

42 Lavandula the Bolt Thrower (level 3, 20/20 HPs)
             Began as a Tengu Arcane Marksman on June 24, 2020.
             Quit the game on level 3 of the Dungeon.
             The game lasted 00:02:48 (902 turns).

Lavandula the Bolt Thrower (Tengu Arcane Marksman)   Turns: 902, Time: 00:02:49

Health: 20/20      AC:  3    Str: 11    XL:     3   Next: 56%
Magic:  5/5        EV: 12    Int: 13    God:
Gold:   53         SH:  0    Dex: 14    Spells: 3/4 levels left

rFire    . . .     SeeInvis .   a - +0 hand crossbow
rCold    . . .     Gourm    .   (no shield)
rNeg     . . .     Faith    .   e - +0 robe
rPois    .         Spirit   .   (helmet restricted)
rElec    .         Reflect  .   n - +0 cloak
rCorr    .         Harm     .   (no gloves)
MR       .....                  (boots unavailable)
Stlth    +.........             (no amulet)
HPRegen  0.06/turn              (no ring)
MPRegen  0.09/turn              (no ring)

@: confused
A: beak, talons 3
a: no special abilities


You were on level 3 of the Dungeon.
You were hungry.

You visited 1 branch of the dungeon, and saw 3 of its levels.

You collected 53 gold pieces.

Inventory:

Hand Weapons
 a - a +0 hand crossbow (weapon)
 l - a +0 spear
Missiles
 d - 4 bolts (quivered)
Armour
 e - a +0 robe (worn)
 n - a +0 cloak (worn)
Magical Staves
 m - an uncursed staff of wizardry {unknown}
Scrolls
 b - a scroll of blinking {unknown}
 j - a scroll of magic mapping {unknown}
 o - a scroll of identify {unknown}
Potions
 g - 2 potions of degeneration {unknown}
 h - a potion of resistance {unknown}
 i - a potion of flight {unknown}
 k - a potion of might {unknown}
Comestibles
 c - 3 chunks of flesh
 f - 4 rations


   Skills:
 - Level 1.0 Fighting
 + Level 4.2 Crossbows
 - Level 2.1 Dodging
 - Level 1.0 Spellcasting
 - Level 2.1 Hexes


You had 3 spell levels left.
You knew the following spells:

 Your Spells              Type           Power        Failure   Level  Hunger
a - Corona                Hex            #......      12%         1    ##.....

Your spell library contained the following spells:

 Spells                   Type           Power        Failure   Level  Hunger
 Slow                     Hex            #.......     17%         2    ###....
 Inner Flame              Hex/Fire       #.......     47%         3    ####...
 Portal Projectile        Hex/Tloc       #.....       47%         3    ####...
 Cause Fear               Hex            #.........   75%         4    #####..
 Leda's Liquefaction      Hex/Erth       #.........   87%         4    #####..


Dungeon Overview and Level Annotations

Branches:
Dungeon (3/15)

Altars:


Innate Abilities, Weirdness & Mutations

You have a beak for a mouth.
You have claws for feet.


Message History

Aim: an orc wizard, wielding a +0 dagger and wearing a +0 robe You shoot a bolt.
The bolt closely misses the orc wizard.
An orc comes into view.
An orc comes into view. It is wielding a +0 short sword.
Firing (i - inventory)
d - 5 bolts (quivered)
Press: ? - help, Shift-Dir - straight line, f/p - orc wizard
Aim: an orc wizard, wielding a +0 dagger and wearing a +0 robe You shoot a bolt.
The orc shouts! x2
The bolt hits the orc wizard but does no damage.
There is a large open door here.
You are feeling hungry.
The orc wizard casts a spell at you.
You are confused.
There is a large open door here.
Unknown command.
Unknown command.
Unknown command.
Unknown command.
Are you sure you want to abandon this character and quit the game? (Confirm with "yes".)

# #.......# #.#.......#
###'#.o..o..#
.(.....(....####
...............#
.......o.......########
......(.o(.....##.....###
.....###'##.... #.....#..
.....###@#### # #.....'..
............#####.....#..
..........)'...'.....#+#
...........#####÷.†..# #
####.......# #.....#
#.......# #.....#
.........# ###'###
.......#### #.# .......#
#.#


You could see an orc wizard and 3 orcs.

Vanquished Creatures
  An ooze (D:3)
  A dart slug (D:1)
  A leopard gecko (D:2)
  9 bats
  A giant cockroach (D:1)
  2 goblins (D:1)
  5 hobgoblins
  4 kobolds
  A quokka (D:3)
  2 ball pythons (D:1)
  A frilled lizard (D:2)
  4 rats
32 creatures vanquished.

Notes
Turn   | Place    | Note
-------+----------+-------------------------------------------
     0 | D:1      | Lavandula the Tengu Arcane Marksman began the quest for the
                  | Orb.
     0 | D:1      | Reached XP level 1. HP: 12/12 MP: 3/3
   131 | D:1      | Reached XP level 2. HP: 16/16 MP: 4/4
   173 | D:1      | Reached skill level 3 in Crossbows
   522 | D:2      | Reached XP level 3. HP: 20/20 MP: 5/5
   791 | D:3      | Reached skill level 4 in Crossbows
   902 | D:3      | Quit the game

Illustrated notes

Levels and vault maps discovered:
D:1:      heliophobic_arrival_enchanted_forest, layout_loops_ring
D:2:      minmay_chambers_of_ones, layout_basic
D:3:      minmay_razor_zed, layout_basic, gammafunk_ghost_necromancy,
          first_ration, minmay_misc_feat_plants, minmay_pentomino_pile

Skill      XL: |  1  2  3 |
---------------+----------+-----
Crossbows      | 3 4 |  4.2
Fighting       | |  1.0
Dodging        | |  2.1
Spellcasting   | |  1.0
Hexes          | |  2.1

Action                   || total
-------------------------++-------
 Fire: Hand crossbow     ||    70
 Cast: Corona            ||    13
Armor: Robe              ||     7
Dodge: Dodged            ||    20
